Map: Ever Dream LE

Players

SpeCial

  • Race: Terran Terran
  • Spawn Location: 1:00

Cham - Winner!

  • Race: Zerg Zerg
  • League: Grandmaster
  • Spawn Location: 7:00

Event: DreamHack SC2 Masters 2020 Fall

VOD

Have the link to the VOD?

Description

Time

  • Played on: Aug. 30, 2020, 5:16 p.m.
  • Length: 12:09

All games in this series

Show
View Real Time Build Order
Export as new Build Order

SpeCial Terran 

Build Orders: Gas First Reaper Expand, Hellion Opening 

Get SALT Encoding   

  12  0:00  SCV  
  13  0:12  SCV  
  14  0:17  Supply Depot  
  14  0:24  SCV  
  14  0:27  Refinery  
  15  0:38  SCV  
  16  0:44  Barracks  
  16  0:50  SCV  
  17  1:02  SCV  
  18  1:15  SCV  
  19  1:31  Orbital Command, Reaper  
  20  1:41  Command Center  
  20  1:50  Factory  
  20  1:57  SCV  
  21  2:07  Barracks Reactor  
  21  2:09  SCV  
  21  2:14  Supply Depot  
  22  2:17  Refinery  
  22  2:22  SCV  
  23  2:35  SCV  
  24  2:43  Starport  
  24  2:48  Hellion  
  24  2:49  Hellion, SCV  
  24  2:50  Marine  
  30  2:54  Orbital Command  
  30  3:01  SCV  
  31  3:11  Hellion x2  
  35  3:13  SCV, Marine  
  35  3:19  SCV  
  38  3:25  SCV  
  38  3:26  Fusion Core  
  39  3:35  SCV  
  39  3:36  Starport Tech Lab  
  39  3:37  SCV, Supply Depot  
  43  3:41  Hellion  
  43  3:42  Hellion  
  46  3:48  SCV  
  46  3:58  SCV  
  46  4:00  SCV  
  45  4:10  SCV  
  45  4:12  SCV  
  45  4:16  Battlecruiser  
  47  4:18  Barracks Tech Lab  
  47  4:22  SCV  
  48  4:25  Barracks  
  48  4:26  SCV  
  48  4:28  Factory Reactor  
  48  4:30  Barracks, Supply Depot  
  49  4:35  SCV  
  49  4:36  Marine  
  49  4:38  SCV  
  52  4:41  Engineering Bay  
  52  4:44  Stimpack  
  52  4:47  SCV  
  52  4:50  SCV  
  54  4:53  Supply Depot  
  54  4:54  Marine  
  54  4:55  Refinery  
  54  4:56  Supply Depot  
  54  4:59  SCV  
  56  5:02  SCV  
  57  5:08  Terran Infantry Weapons Level 1  
  57  5:11  SCV  
  57  5:12  Marine  
  59  5:14  SCV  
  59  5:19  Barracks  
  59  5:20  Barracks  
  60  5:22  Refinery  
  60  5:28  Starport Reactor  
  60  5:30  SCV, Marine  
  60  5:32  Marine  
  60  5:33  Marine x3  
  66  5:35  Siege Tank  
  66  5:41  Supply Depot  
  69  5:44  SCV  
  69  5:47  Supply Depot, Marine  
  71  5:50  Marine x2  
  71  5:51  Marine x2  
  75  5:58  SCV x2  
  75  5:59  Supply Depot  
  77  6:05  Marine  
  77  6:06  Medivac x2  
  77  6:08  Marine x4  
  86  6:15  Marine  
  86  6:18  Marine  
  88  6:23  Marine  
  88  6:24  Combat Shield  
  89  6:26  Siege Tank, Marine x4  
  96  6:33  Marine  
  96  6:35  Marine  
  96  6:38  Supply Depot  
  98  6:40  Medivac x2  
  102  6:47  Marine x5  
  102  6:51  Marine  
  102  6:59  Missile Turret, Marine  
  102  7:00  Siege Tank  
  106  7:03  Supply Depot  
  106  7:05  Marine x4  
  110  7:10  Terran Infantry Armor Level 1  
  110  7:24  Medivac, Marine x7  
  116  7:30  Medivac  
  118  7:41  Marine x2  
  118  7:42  Marine x5  
  125  7:59  Marine x2  
  125  8:05  Supply Depot, Marine x5  
  126  8:06  Siege Tank, Supply Depot  
  112  8:14  SCV x2  
  112  8:17  Marine x2  
  116  8:23  Marine x5  
  121  8:35  Marine x2  
  121  8:40  Siege Tank  
  121  8:41  Marine x2  
  124  8:44  Supply Depot  
  124  8:45  Marine x2  
  124  8:47  Marine  
  126  9:01  Supply Depot x2  
  126  9:05  Medivac x2, Marine x4  
  134  9:16  Marine x3  
  126  9:23  Marine x4  
  127  9:32  Armory, Missile Turret  
  127  9:33  Marine x2  
  127  9:34  Marine  
  127  9:35  Medivac x2  
  131  9:41  Marine x4  
  135  9:51  Marine x3  
  138  9:58  Siege Tank  
  138  9:59  Marine x2  
  143  10:02  Marine x2  
  143  10:05  Medivac  
  147  10:09  Marine  
  147  10:13  Supply Depot  
  148  10:26  Marine  
  149  10:30  Marine  
  149  10:33  Siege Tank  
  149  10:34  Medivac  
  101  10:43  Marine x2  
  101  10:44  Marine  
  101  10:49  Marine x3  
  107  10:56  Marine  
  101  11:01  Marine  
  77  11:04  Marine  
  77  11:05  Siege Tank  
  77  11:06  Marine x2  
  77  11:10  Marine x2  
  82  11:13  Marine  
  82  11:19  Marine  
  82  11:22  Marine  
  82  11:24  Marine x2  
  82  11:25  Medivac x2  
  90  11:27  Marine  
  90  11:28  Marine  
  90  11:31  Marine  
  93  11:37  Marine  
  91  11:40  Marine  
  91  11:42  Marine x2  
  91  11:45  Marine  
  91  11:46  Marine  
  93  11:49  Marine  
  94  11:54  SCV  
Show
View Real Time Build Order
Export as new Build Order

Cham Zerg - Winner!

Build Orders: Hatch First, Muta Ling Bane 

Get SALT Encoding   

  12  0:00  Drone  
  13  0:09  Drone  
  14  0:16  Overlord  
  14  0:34  Drone x2  
  16  0:47  Hatchery  
  15  0:51  Drone  
  15  0:55  Drone  
  17  0:58  Drone  
  18  1:09  Extractor  
  17  1:13  Spawning Pool  
  17  1:16  Drone  
  17  1:19  Drone  
  18  1:30  Drone  
  19  1:42  Drone  
  20  1:49  Overlord  
  20  1:59  Queen x2  
  20  2:00  Zergling x4  
  26  2:11  Drone  
  26  2:12  Metabolic Boost  
  27  2:22  Drone x2  
  29  2:25  Drone  
  30  2:34  Hatchery  
  29  2:41  Queen  
  31  2:46  Overlord  
  31  2:54  Drone  
  31  2:55  Drone x2  
  34  2:59  Drone x2  
  34  3:04  Overlord  
  36  3:10  Drone x2  
  36  3:11  Drone  
  39  3:14  Drone  
  39  3:15  Drone  
  41  3:22  Drone  
  41  3:23  Queen  
  41  3:26  Overlord  
  44  3:37  Drone  
  44  3:40  Zergling x6  
  48  3:43  Drone  
  48  3:45  Drone x3  
  48  3:46  Queen  
  54  3:53  Baneling Nest  
  54  3:54  Zergling x4  
  56  3:55  Zergling x2  
  56  4:00  Zergling x2  
  54  4:08  Drone x3, Zergling x2  
  57  4:13  Drone x3  
  57  4:16  Drone  
  59  4:19  Lair  
  59  4:20  Overlord  
  59  4:24  Overlord  
  59  4:29  Overlord  
  59  4:34  Extractor, Overlord, Spore Crawler  
  59  4:38  Queen  
  59  4:39  Drone  
  59  4:40  Drone x3  
  59  4:43  Drone x2  
  65  4:46  Drone  
  65  4:47  Drone x2  
  65  4:51  Drone x3  
  71  4:54  Drone  
  71  4:55  Drone  
  71  4:57  Drone, Extractor x2  
  72  5:02  Spore Crawler x2  
  72  5:05  Spore Crawler  
  72  5:06  Drone x3  
  72  5:07  Drone  
  72  5:10  Overlord  
  72  5:11  Drone  
  74  5:19  Centrifical Hooks  
  74  5:25  Drone x3  
  74  5:26  Evolution Chamber, Overlord  
  74  5:27  Evolution Chamber  
  74  5:28  Zergling x2  
  76  5:31  Spore Crawler  
  76  5:32  Zergling x4  
  75  5:43  Extractor x2, Spire  
  75  5:44  Roach Warren  
  68  5:53  Drone x3  
  69  5:57  Drone  
  69  5:58  Drone x2  
  69  5:59  Drone x2  
  69  6:00  Drone x2  
  74  6:05  Drone x4  
  74  6:10  Drone  
  74  6:11  Drone  
  79  6:12  Drone x2  
  79  6:16  Drone x2  
  83  6:23  Overlord  
  83  6:24  Drone  
  83  6:27  Zerg Ground Armor Level 1, Zerg Melee Weapons Level 1  
  83  6:29  Zergling x4  
  85  6:34  Zergling x10  
  85  6:35  Baneling  
  85  6:36  Baneling x2  
  89  6:44  Zergling x6  
  89  6:47  Zergling x4  
  89  6:49  Baneling x5  
  89  6:50  Baneling x4  
  89  6:53  Zergling x2  
  92  6:55  Baneling x6  
  92  7:02  Zergling x6  
  92  7:03  Zergling x4  
  92  7:06  Overlord  
  97  7:16  Zergling x2  
  97  7:19  Overlord x2  
  97  7:20  Zergling x2  
  97  7:22  Overlord x2  
  94  7:33  Zergling x8  
  94  7:36  Baneling x9  
  98  7:37  Hatchery  
  98  7:40  Zergling x4  
  98  7:41  Zergling x2  
  100  7:44  Baneling  
  100  7:45  Baneling x5  
  100  7:46  Zergling x4  
  97  7:52  Roach  
  97  7:57  Roach x2  
  100  8:02  Roach  
  96  8:06  Zergling x4  
  92  8:14  Zergling x2  
  92  8:15  Zergling x18  
  102  8:29  Mutalisk x3  
  102  8:33  Mutalisk  
  108  8:35  Hatchery  
  108  8:36  Baneling x2  
  108  8:37  Baneling x3  
  108  8:41  Mutalisk  
  107  8:42  Extractor  
  107  8:43  Mutalisk  
  107  8:46  Extractor  
  105  8:50  Mutalisk x2  
  107  8:57  Mutalisk  
  107  8:59  Zergling x2  
  107  9:02  Mutalisk  
  112  9:07  Baneling  
  112  9:08  Zergling x2  
  112  9:09  Zergling x2  
  108  9:19  Zergling x6  
  108  9:20  Zergling x10  
  108  9:22  Zergling x4  
  108  9:23  Zergling x2  
  118  9:28  Zergling x6  
  118  9:30  Zerg Ground Armor Level 2  
  121  9:33  Baneling  
  121  9:34  Baneling x3  
  121  9:36  Zergling x2  
  121  9:37  Zergling x4  
  122  9:38  Baneling x2  
  122  9:39  Baneling x2  
  122  9:44  Zergling x4  
  124  9:48  Zergling x4  
  126  9:53  Baneling x2  
  126  9:54  Zergling x4  
  126  9:57  Zergling x14  
  126  9:59  Overlord x3  
  135  10:01  Baneling x5  
  135  10:02  Baneling  
  135  10:06  Overlord  
  135  10:13  Overlord  
  135  10:20  Zergling x12  
  141  10:22  Zergling x2  
  138  10:29  Zergling x8  
  138  10:30  Zergling x4  
  138  10:41  Zergling x6  
  138  10:42  Zergling x10  
  119  10:49  Zergling x6  
  120  10:52  Zergling x6  
  120  10:53  Zergling x2  
  118  11:03  Zergling x16  
  113  11:08  Zergling x4  
  115  11:11  Zergling x2  
  115  11:17  Zergling x4  
  118  11:19  Zergling x4  
  118  11:25  Baneling x15  
  120  11:26  Baneling x3  
  120  11:28  Zergling x6  
  120  11:31  Zergling x4  
  120  11:32  Zergling x2  
  126  11:34  Zergling x4  
  126  11:42  Baneling  
  126  11:43  Baneling x7  
  126  11:48  Zergling x6  
  126  11:49  Zergling x8  

Tags
 
Add a new tag
Caveats
  • Supply blocks, unpowered buildings, or Contaminate may cause inaccurate times.
  • Supply counts are checked every 10 seconds.